 Dungeon Crawl Stone Soup version 0.29-a0-334-gb41bcbb86e (webtiles) character file.

Game seed: 17700513254180877083

382 Jortsu the Shield-Bearer (level 6, 0/61 HPs)
             Began as a Troll Fighter on Apr 15, 2022.
             Was an Elder of Jiyva.
             Slain by a gnoll
             ... wielding a +0 flail
              (6 damage)
             ... on level 6 of the Dungeon.
             The game lasted 00:04:31 (2664 turns).

Jortsu the Shield-Bearer (Troll Fighter)            Turns: 2664, Time: 00:04:32

Health: 0/61       AC:  5    Str: 25    XL:     6   Next: 47%
Magic:  5/5        EV:  9    Int:  4    God:    Jiyva [****..]
Gold:   88         SH: 12    Dex: 11    Spells: 5/5 levels left

rFire   . . .      SeeInvis .   a - +1 flail
rCold   + + +      Faith    .   c - +0 kite shield
rNeg    . . .      Spirit   .   b - +0 robe
rPois   .          Reflect  .   (helmet restricted)
rElec   .          Harm     .   n - +0 cloak
rCorr   +          Rampage  .   (gloves unavailable)
Will    +....                   (boots unavailable)
Stlth   +.........              p - amulet of the acrobat
HPRegen 2.28/turn               e - ring of willpower
MPRegen 0.49/turn               (no ring)

@: no status effects
A: large, unfitting armour, claws 3, regeneration 1, shaggy fur 1, tough skin 1,
large bone plates 1, cold resistance 3
a: Renounce Religion, Oozemancy, Slimify


You were on level 6 of the Dungeon.
You worshipped Jiyva.
Jiyva was greatly pleased with you.
You visited 1 branch of the dungeon, and saw 6 of its levels.

You collected 88 gold pieces.

Inventory:

Hand Weapons
 a - a +1 flail (weapon)
Armour
 b - a +0 robe (worn)
 c - a +0 kite shield (worn)
 n - a +0 cloak (worn)
Jewellery
 e - a ring of willpower (left claw)
 p - an amulet of the acrobat (around neck)
Scrolls
 g - 4 scrolls of teleportation
 h - 2 scrolls of magic mapping
 l - a scroll of immolation
 q - a scroll of identify
Potions
 d - 2 potions of might
 f - 2 potions of curing
 i - a potion of attraction {unknown}
 j - a potion of lignification
 k - a potion of flight {unknown}
 m - a potion of mutation {unknown}
 o - a potion of resistance {unknown}


   Skills:
 + Level 3.2 Fighting
 + Level 3.4 Maces & Flails
 + Level 3.6 Dodging
 + Level 0.5 Stealth
 + Level 3.9 Shields


You had 5 spell levels left.
You didn't know any spells.
Your spell library contained the following spells:

 Spells                   Type           Power      Damage    Failure   Level
 Sandblast                Erth           0%         2d4       78%         1
 Corpse Rot               Necr/Air       0%         N/A       89%         2
 Passwall                 Tmut/Erth      0%         N/A       89%         2
 Gell's Gravitas          Tloc           0%         N/A       98%         3
 Lesser Beckoning         Tloc           0%         N/A       98%         3
 Stone Arrow              Conj/Erth      0%         3d7       98%         3
 Teleport Other           Tloc           0%         N/A       98%         3
 Dispel Undead            Necr           0%         3d6       100%        4
 Summon Lightning Spire   Summ/Air       0%         N/A       100%        4
 Death Channel            Necr           0%         N/A       100%        6
 Storm Form               Tmut/Air       0%         N/A       100%        7
 Maxwell's Capacitive Co  Air            0%         ∞         100%        8


Dungeon Overview and Level Annotations

Branches:
Dungeon (6/15)
 Temple: D:4-7

Altars:
Okawaru
Jiyva


Innate Abilities, Weirdness & Mutations

You are too large for most types of armour.
You have claws for hands.
Your natural rate of healing is unusually fast.
You are covered in fur. (AC +1)
You have tough skin. (AC +1)
You are partially covered in large bone plates. (SH +4)
Your flesh is almost immune to the effects of cold. (rC+++)


Message History

You hit the gnoll sergeant but do no damage.
The gnoll sergeant is heavily wounded.
The gnoll sergeant hits you with a +0 spear.
You block the gnoll's attack.
You hear a slurping noise.
You completely miss the gnoll sergeant.
The gnoll sergeant is heavily wounded.
You block the gnoll sergeant's attack. You block the gnoll's attack.
You hear a slurping noise.
You hit the gnoll sergeant but do no damage.
The gnoll sergeant is heavily wounded.
The gnoll sergeant barely misses you. The gnoll hits you with a +0 flail.
The gnoll sergeant barely misses you. The gnoll hits you with a +0 flail!
You hit the gnoll sergeant but do no damage.
The gnoll sergeant is heavily wounded.
You block the gnoll sergeant's attack. The gnoll hits you with a +0 flail!
You hit the gnoll sergeant but do no damage.
The gnoll sergeant is heavily wounded.
You hear a distant slurping noise.
The gnoll sergeant hits you with a +0 spear.
The gnoll hits you with a +0 flail.
* * * LOW HITPOINT WARNING * * *
You block the gnoll's attack. You block the gnoll sergeant's attack.
You sock the gnoll sergeant!
The gnoll sergeant is almost dead.
The gnoll sergeant hits you with a +0 spear.
* * * LOW HITPOINT WARNING * * *
The gnoll misses you.
You barely miss the gnoll sergeant.
The gnoll sergeant is almost dead.
The gnoll sergeant hits you with a +0 spear.
* * * LOW HITPOINT WARNING * * *
The gnoll closely misses you.
You hear a distant slurping noise.
You hit the gnoll sergeant but do no damage.
The gnoll sergeant is almost dead.
The gnoll sergeant hits you with a +0 spear!
* * * LOW HITPOINT WARNING * * *
The gnoll hits you with a +0 flail.
You die...

#............
#............
#......J.....
#...........
#.........#
#.........#
#.........#
#g........#
#.@.......#
#.g.......#
#......J..#
#.........##
######.....#
#.....#
#.....#
#.....#
#.....#


You could see a gnoll sergeant, a gnoll and 2 neutral jellies (fellow slime).

Vanquished Creatures
  A phantom (D:6)
  A bullfrog (D:4)
  Crazy Yiuf (D:4)
  An iguana (D:4)
  6 gnolls
  6 adders
  A shadow imp (D:3)
  An ufetubus (D:5)
  2 dart slugs (D:4)
  2 orcs (D:3)
  5 ball pythons
  4 bats
  2 endoplasms (D:1)
  5 goblins
  6 hobgoblins
  A quokka (D:2)
  7 frilled lizards
  6 kobolds
  7 rats
65 creatures vanquished.

Vanquished Creatures (others)
  An ogre (D:4)
  A jelly (D:4)
  2 adders
  An endoplasm (D:3)
  4 jackals (D:3)
  A quokka (D:3)
  3 fungi (D:4)
13 creatures vanquished.

Grand Total: 78 creatures vanquished

Notes
Turn   | Place    | Note
-------+----------+-------------------------------------------
     0 | D:1      | Jortsu the Troll Fighter began the quest for the Orb.
     0 | D:1      | Reached XP level 1. HP: 22/22 MP: 0/0
     0 | D:1      | Noticed a felid
     0 | D:1      | Noticed a barachi
     3 | D:1      | Noticed a troll
     3 | D:1      | Noticed a naga
    11 | D:1      | Noticed a formicid
    11 | D:1      | Noticed a merfolk
    15 | D:1      | Noticed a merfolk
    15 | D:1      | Noticed a demonspawn
    17 | D:1      | Noticed a minotaur zombie
    61 | D:1      | Reached XP level 2. HP: 29/29 MP: 1/1
   415 | D:2      | Reached XP level 3. HP: 28/36 MP: 2/2
   703 | D:2      | Found a faded altar of an unknown god.
   718 | D:2      | Prayed at the altar of an unknown god.
   718 | D:2      | Became a worshipper of Jiyva Jeklul the Shapeless
   718 | D:2      | Reached * piety under Jiyva
   851 | D:2      | Reached XP level 4. HP: 44/44 MP: 3/3
  1052 | D:3      | Found an iron altar of Okawaru.
  1125 | D:3      | Reached ** piety under Jiyva
  1704 | D:4      | Reached *** piety under Jiyva
  1708 | D:4      | Gained mutation: Your flesh is cold resistant. (rC+)
                  | [Jiyva's grace]
  1708 | D:4      | Gained mutation: Your flesh is very cold resistant. (rC++)
                  | [Jiyva's grace]
  1708 | D:4      | Gained mutation: Your flesh is almost immune to the effects
                  | of cold. (rC+++) [Jiyva's grace]
  1708 | D:4      | Gained mutation: You are partially covered in large bone
                  | plates. (SH +4) [Jiyva's grace]
  1760 | D:4      | Killed an ogre
  1843 | D:4      | Noticed a bullfrog
  1851 | D:4      | Killed a bullfrog
  1852 | D:4      | Reached XP level 5. HP: 47/52 MP: 4/4
  2257 | D:4      | Found a runed translucent door.
  2258 | D:4      | Noticed Crazy Yiuf
  2265 | D:4      | Killed Crazy Yiuf
  2370 | D:5      | Entered Level 5 of the Dungeon
  2434 | D:5      | Reached XP level 6. HP: 58/61 MP: 5/5
  2458 | D:5      | Reached **** piety under Jiyva
  2664 | D:6      | Slain by a gnoll

Illustrated notes

Levels and vault maps discovered:
D:1:      shiori_arrival_whats_in_store_for_you, layout_rooms
D:2:      layout_loops_cross, serial_forest, infiniplex_forest_clump_small,
          infiniplex_forest_end_1, infiniplex_forest_corner_2,
          infiniplex_forest_lined_4_way, infiniplex_forest_end_1,
          infiniplex_forest_zigzag_2, infiniplex_forest_corner_1,
          infiniplex_forest_clump_long, hellmonk_ecumenical_altar_blasted
D:3:      layout_loops_cross, okawaru_metal_pillars_3
D:4:      layout_loops_ring, uniq_crazy_yiuf_cottage
D:5:      layout_loops_ring, minmay_temple_entry_hall
D:6:      layout_gridville, uniq_pikel, uniq_sigmund

Skill      XL: |  1  2  3  4  5 |
---------------+----------------+-----
Shields        | 3 |  3.9
Maces & Flails | 2 3 |  3.4
Dodging        | 3 |  3.6
Fighting       | 3 |  3.2
Stealth        | |  0.5

Action                   |  1- 3 |  4- 6 || total
-------------------------+-------+-------++-------
Melee: Flail             |    71 |   147 ||   218
  Use: Scroll            |     2 |     4 ||     6
 Stab: Sleeping          |       |     3 ||     3
Armor: Robe              |    33 |    38 ||    71
Dodge: Dodged            |    28 |    50 ||    78
Block: Kite shield       |    37 |   129 ||   166

Table legend: (Time is in decaauts)
 A = Elapsed time spent in this place.
 B = Non-inter-level travel time spent in this place.
 C = Inter-level travel time spent in this place.
 D = Time resting spent in this place.
 E = Time spent auto-exploring this place.
 F = Levels seen in this place.
 G = Mean time per level.
                   A        B        C        D        E       F      G
               +--------+--------+--------+--------+--------+-----+--------+
         Total |   2754 |   2635 |    119 |      3 |   1931 |   6 |  459.0 |
       Dungeon |   2754 |   2635 |    119 |      3 |   1931 |   6 |  459.0 |
               +--------+--------+--------+--------+--------+-----+--------+

Top non-repeatable levels by time:
     D:4: 756 daAuts
     D:2: 673 daAuts
     D:3: 588 daAuts
     D:1: 414 daAuts
     D:5: 252 daAuts
     D:6: 68 daAuts
